 Dungeon Crawl Stone Soup version 0.30.1-9-gdf580d7c3d (webtiles) character file.

Game seed: 17593246280008441554

23 monsoonserge the Grasshopper (level 2, -2/22 HPs)
             Began as a Demonspawn Warper on Oct 23, 2023.
             Slain by an adder (3 damage)
             ... on level 2 of the Dungeon.
             The game lasted 00:01:19 (1160 turns).

monsoonserge the Grasshopper (Demonspawn Warper)    Turns: 1160, Time: 00:01:20

Health: -2/22      AC:  3    Str:  9    XL:     2   Next: 75%
Magic:  5/5        EV: 12    Int: 14    God:
Gold:   106        SH:  0    Dex: 12    Spells: 5/5 levels left

rFire   . . .        a - +0 falchion
rCold   . . .        (no shield)
rNeg    . . .        b - +0 leather armour
rPois   .            (no helmet)
rElec   .            (no cloak)
rCorr   .            (no gloves)
SInv    .            (no boots)
Will    .....        (no amulet)
Stlth   +            (no ring)
HPRegen 0.23/turn    (no ring)
MPRegen 0.09/turn

%: no passive effects
@: lethally poisoned (-2 -> -3)
A: hooves 1, weak 1, sturdy frame 1
a: no special abilities


You were on level 2 of the Dungeon.
You visited 1 branch of the dungeon, and saw 2 of its levels.

You collected 106 gold pieces.

Inventory:

Hand Weapons
 a - a +0 falchion (weapon)
 g - a +0 dagger
Missiles
 d - 7 boomerangs of dispersal (quivered)
 h - 4 javelins
 k - 3 poisoned darts
Armour
 b - a +0 leather armour (worn)
Scrolls
 c - a scroll of blinking
 e - 3 scrolls of identify {unknown}
 f - a scroll of brand weapon {unknown}
Potions
 i - a potion of mutation
 j - 2 potions of berserk rage {unknown}


   Skills:
 + Level 2.2 Fighting
 + Level 2.2 Long Blades
 + Level 0.8 Throwing
 + Level 1.2 Armour
 + Level 1.9 Dodging
 + Level 0.2 Stealth
 - Level 2.0 Spellcasting
 + Level 3.0 Translocations


You had 5 spell levels left.
You didn't know any spells.
Your spell library contained the following spells:

 Spells                   Type           Power      Damage    Failure   Level
 Blink                    Tloc           18%        N/A       11%         2
 Lesser Beckoning         Tloc           18%        N/A       11%         2
 Teleport Other           Tloc           9%         N/A       22%         3
 Vhi's Electric Charge    Tloc/Air       10%        N/A       38%         3
 Manifold Assault         Tloc           9%         N/A       58%         4


Dungeon Overview and Level Annotations

Branches:
Dungeon (2/15)

Altars:


Innate Abilities, Weirdness & Mutations

You have large cloven feet.
You are weak. (Str -2)
Your movements are slightly less encumbered by armour. (ER -2)


Message History

An adder comes into view.
The adder hisses angrily.
A rat comes into view.
You barely miss the adder. Your kick misses the adder.
The adder barely misses you.
You hit the adder. Your kick misses the adder.
The adder is moderately wounded.
The adder bites you but does no damage. The adder bites you.
The rat attacks as you move away! The rat misses you.
The rat attacks as you move away! The rat bites you.
The adder attacks as you move away! The adder barely misses you.
The adder bites you. The adder attacks as you move away!
The adder bites you but does no damage.
You miss the adder.
The adder is moderately wounded.
The adder misses you.
You barely miss the adder. Your kick misses the adder.
The adder is moderately wounded.
The adder bites you.
You are poisoned.
The adder poisons you! The adder closely misses you.
You completely miss the adder.
The adder is moderately wounded.
You feel sick. The adder bites you but does no damage.
The adder closely misses you.
You hit the adder.
The adder is heavily wounded.
You feel sick. The adder closely misses you.
You hit the adder but do no damage. Your kick misses the adder.
The adder is heavily wounded.
You feel sick. The adder bites you.
* * * LOW HITPOINT WARNING * * *
The adder closely misses you.
Unknown command.
It was a potion of mutation.
You feel extremely strange.
You feel weaker.
You feel less encumbered by your armour.
* * * LOW HITPOINT WARNING * * *
You feel sick. The adder bites you.
You die...

## #.. .###.$
..#.# #... #..#
##..## #r...#
.### ##S##.#
...# ##.@# .#
#..##..## .#
#..#.## ..
#..†# #. #..<#
..
.............#
##..##..####...
#.. ...# ##
..#.#


You could see an adder and a rat.

Vanquished Creatures
  An adder (D:2)
  A goblin (D:1)
  3 hobgoblins (D:1)
  3 jackals (D:1)
  A quokka (D:1)
  2 ball pythons
  2 kobolds (D:1)
  A rat (D:1)
14 creatures vanquished.

Notes
Turn   | Place    | Note
-------+----------+-------------------------------------------
     0 | D:1      | monsoonserge the Demonspawn Warper began the quest for the
                  | Orb.
     0 | D:1      | Reached XP level 1. HP: 16/16 MP: 3/3
   428 | D:1      | Gained mutation: You have large cloven feet. [demonic
                  | ancestry]
   428 | D:1      | Reached XP level 2. HP: 7/22 MP: 5/5
  1087 | D:1      | Reached skill level 1 in Armour
  1137 | D:2      | Reached skill level 3 in Translocations
  1160 | D:2      | Gained mutation: You are weak. (Str -2) [potion of
                  | mutation]
  1160 | D:2      | Gained mutation: Your movements are slightly less
                  | encumbered by armour. (ER -2) [potion of mutation]
  1160 | D:2      | HP: 1/22 [poisoned by an adder]
  1160 | D:2      | Slain by an adder

Illustrated notes

Levels and vault maps discovered:
D:1:      evilmike_arrival_rings, layout_basic, roderic_lattice_a
D:2:      layout_rooms, chequers_ecumenical_altar_island, minivault_24,
          kennysheep_generic_room_10

Skill      XL: |  1  2 |
---------------+-------+-----
Long Blades    | 2 |  2.2
Armour         | 1 |  1.2
Translocations | 3 |  3.0
Fighting       | |  2.2
Throwing       | |  0.8
Dodging        | |  1.9
Stealth        | |  0.2
Spellcasting   | |  2.0

Action                     || total
---------------------------++-------
  Melee: Falchion          ||    55
         Kick              ||     3
         Punch             ||     1
    Use: Potion            ||     1
 Armour: Leather armour    ||    15
  Dodge: Dodged            ||    44
